AoeStats
← joshmoody24

Arabia

504370909Analyzed
1v1 RM · 27d ago on Sep 5, 2026· 22m 41s· 2 players
Game mode
Random Map
Map size
Tiny (2 player)
Population
200
Speed
Normal
Resources
Standard
Victory
Conquest
Starting age
Dark Age
Ending age
Imperial Age
RankedLock teamsTeams togetherTeam positionsShared explorationLock speedFull tech treeHidden civsTurbo modeCheats
Victory
Defeat
🇺🇸 Ethiopians · United States
851
+16
🇫🇷 Huns · France
860
-16
joshmoody24
11:24 Feudal Age
12:14 Loom
15:58 Castle Age
14:59 Double-Bit Axe
16:49 Scale Mail Armor
17:49 Chain Mail Armor
17:24 Horse Collar
Skibidi Bop
10:44 Feudal Age
19:27 Castle Age
17:34 Horse Collar
18:54 Double-Bit Axe
19:08 Gold Mining
20:20 Forging
20:15 Scale Barding Armor
Connection lost

Rejoining the realm…

Still unreachable

The connection could not be restored.

Session expired

The server has moved on; the page needs a fresh start.